 Dungeon Sprint DCSS version 0.22.1-2-g9c5b331 (webtiles) character file.

838 diana the Fighter (level 7, -20/67 HPs)
             Began as a Gnoll Wanderer on Dec 27, 2018.
             Demolished by a tyrant leech (28 damage)
             ... in the Dungeon (Sprint II: "The Violet Keep of Menkaure").
             The game lasted 00:04:31 (959 turns).

diana the Fighter (Gnoll Wanderer)                   Turns: 959, Time: 00:04:32

Health: -20/67     AC: 10    Str: 18    XL:     7   Next: 99%
Magic:  15/15      EV: 13    Int: 16    God:
Gold:   266        SH:  0    Dex: 14    Spells: 17/17 levels left

rFire    . . .     SeeInvis .   c - +8 scythe "Awig" {vamp, Int+3}
rCold    . . .     Gourm    .   (shield currently unavailable)
rNeg     . . .     Faith    .   a - +2 scale mail
rPois    .         Spirit   .   (no helmet)
rElec    .         Reflect  .   e - scarf {cloud immunity}
rCorr    .         Harm     .   (no gloves)
MR       .....     NoTele   +   (no boots)
Stlth    ++........             (no amulet)
HPRegen  0.21/turn              (no ring)
MPRegen  0.14/turn              (no ring)

@: no status effects
A: distributed training, fangs 1, strong nose
a: no special abilities


You were in the Dungeon.
You were hungry.

You visited 1 branch You collected 729 gold pieces.
You spent 463 gold pieces at shops.

Inventory:

Hand Weapons
 b - a +0 mace
 c - the +8 scythe "Awig" (weapon) {vamp, Int+3}
   (You bought it in a shop in the Dungeon)

   It inflicts no extra harm, but heals its wielder when it wounds a living foe.
   It affects your intelligence (+3).
Missiles
 h - 8 curare-tipped needles
Armour
 a - a +2 scale mail (worn)
 e - a scarf of cloud immunity (worn)
Scrolls
 i - a scroll of blinking
Potions
 f - 2 potions of curing
 g - 2 potions of magic
Comestibles
 d - 5 chunks of flesh


   Skills:
 + Level 10.3 Fighting
 + Level 5.9 Short Blades
 + Level 5.9 Long Blades
 + Level 6.5 Axes
 + Level 6.5 Maces & Flails
 + Level 5.9 Polearms
 + Level 5.9 Staves
 + Level 5.9 Slings
 + Level 5.9 Bows
 + Level 5.9 Crossbows
 + Level 5.9 Throwing
 + Level 7.6 Armour
 + Level 5.9 Dodging
 + Level 6.4 Stealth
 + Level 5.9 Shields
 + Level 5.9 Unarmed Combat
 + Level 5.9 Spellcasting
 + Level 4.9 Conjurations
 + Level 4.9 Hexes
 + Level 4.9 Charms
 + Level 4.9 Summonings
 + Level 4.9 Necromancy
 + Level 4.9 Translocations
 + Level 4.9 Transmutations
 + Level 4.9 Fire Magic
 + Level 4.9 Ice Magic
 + Level 4.9 Air Magic
 + Level 4.9 Earth Magic
 + Level 4.9 Poison Magic
 + Level 6.5 Invocations
 + Level 6.5 Evocations


You had 17 spell levels left.
You didn't know any spells.
Your spell library was empty.

Dungeon Overview and Level Annotations

Branches:
Dungeon (1/1)

Altars:
Qazlal
Wu Jian
The Shining One

Shops:
D (:!![[[%==?(}[:?

Annotations:
D exclusions: Roxanne and oklob plant, Roxanne


Innate Abilities, Weirdness & Mutations

Your experience applies equally to all skills.
You have very sharp teeth.
Your uncanny sense of smell can sniff out nearby items.


Message History

The tyrant leech bites you!
The tyrant leech draws strength from your injuries!
You slash the tyrant leech!
The tyrant leech is heavily wounded.
The tyrant leech barely misses you.
You slash the tyrant leech!
You feel better.
You bite the tyrant leech.
The tyrant leech is severely wounded.
The tyrant leech bites you!
The tyrant leech draws strength from your injuries!
The tyrant leech misses you.
You barely miss the tyrant leech.
The tyrant leech is severely wounded.
The tyrant leech bites you!!
* * * LOW HITPOINT WARNING * * *
The tyrant leech draws strength from your injuries!
You are feeling hungry.
You miss the tyrant leech. Your bite misses the tyrant leech.
The tyrant leech is moderately wounded.
The tyrant leech bites you!!
You die...

∆ ∆ ## ##########≈≈#+++
#########≈≈≈... .∩.∩....#≈≈≈≈.##
## ∆ ..∩.∩...#≈≈≈≈##. .## #### ∆
...∩.∩..#≈≈≈≈ .. .. ..#∆∆
....∩.⌠.#≈≈### w#$ ###..##
...∩.∩..#≈##.###w###.##..#∆∆
..∩.∩...#≈#...##@##...#..# ∆
.∩.∩....'≈'##†'.<.'##.'..###
∩.∩.....#≈#...##.##.###....###..
▓▓▓▓▓▓###≈##.###'###.##§.....≈≈≈
!H{######≈≈####.#.####≈§.....≈#+
(.H#h$ ##≈≈≈#.###.#≈≈≈≈§≈≈..≈#.
∩PH+(.#+ #'#≈##.#.##≈≈≈≈§§§≈.≈#_
(.%#[##§##.#≈≈##'##≈≈≈≈≈§≈≈§§≈#.
$$.###≈≈≈####≈≈≈≈≈≈≈≈≈≈≈§§§≈≈≈#_


You could see 2 tyrant leeches.

Vanquished Creatures
  2 hippogriffs (D)
  Menkaure (D)
  4 necrophages (D)
  A hell rat (D)
  3 worms (D)
11 creatures vanquished.

Vanquished Creatures (others)
  A crocodile (D)
1 creature vanquished.

Grand Total: 12 creatures vanquished

Notes
Turn   | Place    | Note
-------+----------+-------------------------------------------
     0 | D        | diana the Gnoll Wanderer began the quest for the Orb.
     0 | D        | diana set off with: a +2 scale mail, a +0 mace, 2 potions
                  | of curing, a ration, a potion of heal wounds, a potion of
                  | haste, 2 potions of magic, a potion of berserk rage, a
                  | scroll of blinking
     0 | D        | Reached XP level 1. HP: 26/26 MP: 2/2
     1 | D        | Noticed a tyrant leech
     1 | D        | Noticed a tyrant leech
     8 | D        | Killed a crocodile
    16 | D        | Reached skill level 1 in Short Blades
    16 | D        | Reached skill level 1 in Long Blades
    16 | D        | Reached skill level 1 in Polearms
    16 | D        | Reached skill level 1 in Staves
    16 | D        | Reached skill level 1 in Slings
    16 | D        | Reached skill level 1 in Bows
    16 | D        | Reached skill level 1 in Crossbows
    16 | D        | Reached skill level 1 in Throwing
    16 | D        | Reached skill level 1 in Dodging
    16 | D        | Reached skill level 1 in Shields
    16 | D        | Reached skill level 1 in Unarmed Combat
    16 | D        | Reached skill level 1 in Spellcasting
    16 | D        | Reached skill level 1 in Invocations
    16 | D        | Reached XP level 2. HP: 23/33 MP: 4/4
    20 | D        | Reached skill level 1 in Conjurations
    20 | D        | Reached skill level 1 in Hexes
    20 | D        | Reached skill level 1 in Charms
    20 | D        | Reached skill level 1 in Summonings
    20 | D        | Reached skill level 1 in Necromancy
    20 | D        | Reached skill level 1 in Translocations
    20 | D        | Reached skill level 1 in Transmutations
    20 | D        | Reached skill level 1 in Fire Magic
    20 | D        | Reached skill level 1 in Ice Magic
    20 | D        | Reached skill level 1 in Air Magic
    20 | D        | Reached skill level 1 in Earth Magic
    20 | D        | Reached skill level 1 in Poison Magic
   106 | D        | Noticed a necrophage
   106 | D        | Noticed a necrophage
   106 | D        | Noticed a necrophage
   106 | D        | Noticed a necrophage
   121 | D        | Killed a necrophage
   121 | D        | Reached skill level 9 in Fighting
   121 | D        | Reached skill level 5 in Armour
   121 | D        | Reached XP level 3. HP: 26/39 MP: 5/7
   121 | D        | Reached XP level 4. HP: 31/46 MP: 5/8
   140 | D        | HP: 1/43 [necrophage (6)]
   146 | D        | Killed a necrophage
   146 | D        | Reached XP level 5. HP: 18/51 MP: 8/10
   157 | D        | Killed a necrophage
   157 | D        | Reached skill level 5 in Axes
   157 | D        | Reached skill level 5 in Maces & Flails
   157 | D        | Reached skill level 5 in Evocations
   157 | D        | Reached XP level 6. HP: 30/58 MP: 9/12
   162 | D        | Killed a necrophage
   162 | D        | Reached skill level 5 in Stealth
   162 | D        | Reached skill level 5 in Invocations
   543 | D        | Found Ciennita's Magic Scroll Emporium.
   543 | D        | Found Horupt's Gadget Shoppe.
   543 | D        | Found Orchai's Book Shoppe.
   543 | D        | Found Omeok's Weapon Emporium.
   544 | D        | Found Royblafa's Antique Armour Emporium.
   544 | D        | Found Gauppaom's Jewellery Shoppe.
   544 | D        | Found Zidemouch's Jewellery Emporium.
   544 | D        | Found Vairghoc's Food Shoppe.
   552 | D        | Noticed a hippogriff
   552 | D        | Noticed a hippogriff
   569 | D        | HP: 3/60 [hippogriff (4)]
   578 | D        | Found Teiss's Antique Armour Emporium.
   578 | D        | Found Daonlat's Armour Shoppe.
   578 | D        | Found Yceat's Antique Armour Shoppe.
   578 | D        | Noticed a hippogriff
   579 | D        | Found Azucvimn's Magic Scroll Emporium.
   579 | D        | Noticed a hippogriff
   580 | D        | Found Keapucs's Distillery.
   580 | D        | Found Koluosuq's Distillery.
   580 | D        | Noticed Menkaure
   580 | D        | Noticed a hippogriff
   580 | D        | Noticed an oklob plant
   581 | D        | Found Rextet's Antique Weapon Shoppe.
   581 | D        | Found Ibubas's Book Shoppe.
   586 | D        | Noticed a polar bear
   588 | D        | Noticed a polar bear
   590 | D        | Bought a steaming scythe for 232 gold pieces
   597 | D        | Bought a potion of heal wounds for 55 gold pieces
   597 | D        | Bought a potion of curing for 33 gold pieces
   597 | D        | Bought a potion of curing for 33 gold pieces
   597 | D        | Bought a potion of curing for 33 gold pieces
   599 | D        | Identified the +8 scythe "Awig" {vamp, Int+3} (You bought
                  | it in a shop in the Dungeon)
   605 | D        | Killed Menkaure
   605 | D        | Reached skill level 5 in Short Blades
   605 | D        | Reached skill level 5 in Long Blades
   605 | D        | Reached skill level 5 in Polearms
   605 | D        | Reached skill level 5 in Staves
   605 | D        | Reached skill level 5 in Slings
   605 | D        | Reached skill level 5 in Bows
   605 | D        | Reached skill level 5 in Crossbows
   605 | D        | Reached skill level 5 in Throwing
   605 | D        | Reached skill level 5 in Dodging
   605 | D        | Reached skill level 5 in Shields
   605 | D        | Reached skill level 5 in Unarmed Combat
   605 | D        | Reached skill level 5 in Spellcasting
   605 | D        | Reached XP level 7. HP: 27/65 MP: 14/14
   803 | D        | Killed a hippogriff
   803 | D        | Reached skill level 10 in Fighting
   806 | D        | Killed a hippogriff
   879 | D        | Bought a scarf of cloud immunity for 77 gold pieces
   904 | D        | Noticed Roxanne
   923 | D        | Found a glowing golden altar of the Shining One.
   923 | D        | Found an ornate altar of the Wu Jian Council.
   923 | D        | Found a stormy altar of Qazlal.
   959 | D        | Demolished by a tyrant leech

Skill      XL: |  1  2  3  4  5  6  7 |
---------------+----------------------+-----
Short Blades   | 1 2 3 4 5 |  5.9
Long Blades    | 1 2 3 4 5 |  5.9
Polearms       | 1 2 3 4 5 |  5.9
Staves         | 1 2 3 4 5 |  5.9
Slings         | 1 2 3 4 5 |  5.9
Bows           | 1 2 3 4 5 |  5.9
Crossbows      | 1 2 3 4 5 |  5.9
Throwing       | 1 2 3 4 5 |  5.9
Dodging        | 1 2 3 4 5 |  5.9
Shields        | 1 2 3 4 5 |  5.9
Unarmed Combat | 1 2 3 4 5 |  5.9
Spellcasting   | 1 2 3 4 5 |  5.9
Invocations    | 1 3 4 5 6 |  6.5
Conjurations   | 2 3 4 |  4.9
Hexes          | 2 3 4 |  4.9
Charms         | 2 3 4 |  4.9
Summonings     | 2 3 4 |  4.9
Necromancy     | 2 3 4 |  4.9
Translocations | 2 3 4 |  4.9
Transmutations | 2 3 4 |  4.9
Fire Magic     | 2 3 4 |  4.9
Ice Magic      | 2 3 4 |  4.9
Air Magic      | 2 3 4 |  4.9
Earth Magic    | 2 3 4 |  4.9
Poison Magic   | 2 3 4 |  4.9
Fighting       | 9 10 | 10.3
Axes           | 3 4 5 6 |  6.5
Maces & Flails | 3 4 5 6 |  6.5
Armour         | 5 6 7 |  7.6
Stealth        | 3 4 5 6 |  6.4
Evocations     | 3 4 5 6 |  6.5

Action                   |  1- 3 |  4- 6 |  7- 9 || total
-------------------------+-------+-------+-------++-------
Melee: Mace              |    27 |    50 |       ||    77
       Bite              |     4 |     5 |     3 ||    12
       Scythe            |       |     2 |    22 ||    24
  Use: Potion            |       |     7 |       ||     7
  Eat: Ration            |       |     1 |       ||     1
       Chunk             |       |       |     1 ||     1
Armor: Scale mail        |    10 |    33 |    17 ||    60
Dodge: Dodged            |    10 |    35 |    23 ||    68
